 Dungeon Crawl Stone Soup version 0.29-a0-330-g52719c12eb (webtiles) character file.

Game seed: 255023918716414086

2135 kae the Firebug (level 9, -6/58 HPs)
             Began as an Octopode Fire Elementalist on Apr 18, 2022.
             Was an Initiate of Ashenzari.
             Succumbed to a hornet's poison
             ... on level 7 of the Dungeon.
             The game lasted 00:07:05 (9822 turns).

kae the Firebug (Octopode Fire Elementalist)        Turns: 9822, Time: 00:07:05

Health: -6/58      AC:  1    Str:  7    XL:     9   Next: 30%
Magic:  26/33      EV: 15    Int: 24    God:    Ashenzari [......]
Gold:   281        SH:  0    Dex: 15    Spells: 2/16 levels left

rFire   . . .      SeeInvis .   q - +2 spear "Qudghiuck" {freeze, Int+3}
rCold   . . .      Faith    .   (no shield)
rNeg    . . .      Spirit   .   (helmet restricted)
rPois   .          Reflect  .   l - amulet of magic regeneration
rElec   .          Harm     .   j - ring "Augurer of the Sky" {Contam Will++ rCorr Dex+2 Slay+4, Cun, Elem} (curse)
rCorr   +          Rampage  .   d - ring of magical power
Will    ++...                   h - ring of magical power
Stlth   +++++.....              z - ring of wizardry
HPRegen 0.19/turn               (no ring)
MPRegen 0.63/turn               (no ring)
                                (no ring)
                                (no ring)

@: lethally poisoned (-6 -> -29), slowed, very slow
A: almost no armour, amphibious, 8 rings, camouflage 1, gelatinous body 1,
(nimble swimmer 1), tentacles
a: Renounce Religion, Shatter the Chains


You were on level 7 of the Dungeon.
You worshipped Ashenzari.
Ashenzari was noncommittal.
You visited 2 branches of the dungeon, and saw 8 of its levels.

You collected 307 gold pieces.
You spent 26 gold pieces at shops.

Inventory:

Hand Weapons
 e - a +2 dagger of venom
 g - a +1 short sword of venom
 q - the +2 spear "Qudghiuck" (weapon) {freeze, Int+3}
   (You found it on level 5 of the Dungeon)

   It freezes those it strikes, dealing additional cold damage.
   It can also slow down cold-blooded creatures.
   Int:       It affects your intelligence (+3).
Missiles
 k - 2 throwing nets
Jewellery
 d - a ring of magical power (right tentacle)
 h - a ring of magical power (on tentacle)
 j - the cursed ring "Augurer of the Sky" (left tentacle) {Contam Will++ rCorr Dex+2 Slay+4, Cun, Elem}
   (You acquired it on level 4 of the Dungeon)

   [ring of slaying]

   Dex:       It affects your dexterity (+2).
   Slay:      It affects your accuracy & damage with ranged weapons and melee
   (+4).
   Contam:    It causes magical contamination when unequipped.
   rCorr:     It protects you from acid and corrosion.
   Will:      It greatly increases your willpower.
   It has a curse which improves the following skills: Cunning: Dodging and
   Stealth.
   Elements:  Fire Magic, Ice Magic, Air Magic and Earth Magic.
 l - an amulet of magic regeneration (around mantle)
 z - a ring of wizardry (on tentacle)
Wands
 v - a wand of paralysis (6)
 x - a wand of polymorph (5)
 A - a wand of charming (11)
Scrolls
 f - 2 scrolls of magic mapping
 m - 2 scrolls of teleportation
 p - 4 scrolls of identify
 w - a scroll of enchant weapon
 y - a scroll of silence
Potions
 a - 2 potions of magic
 b - 3 potions of attraction
 c - 2 potions of mutation
 i - a potion of berserk rage
 n - a potion of lignification
 o - 2 potions of heal wounds
 r - a potion of brilliance
 s - a potion of haste
 t - a potion of might
 u - a potion of curing


   Skills:
 + Level 4.1 Fighting
 + Level 4.8(5.3) Dodging
 + Level 6.9(7.3) Stealth
 + Level 4.4 Spellcasting
 + Level 4.5 Conjurations
 * Level 7.2(7.7) Fire Magic


You had 2 spell levels left.
You knew the following spells:

 Your Spells              Type           Power      Damage    Failure   Level
a - Foxfire               Conj/Fire      100%       2x1d9     1%          1
b - Scorch                Fire           84%        2d9       1%          2
c - Conjure Flame         Conj/Fire      34%        6-21      1%          3
d - Inner Flame           Hex/Fire       23%        N/A       2%          3
e - Flame Wave            Conj/Fire      34%        2d8       3%          4
f - Slow                  Hex            20%        N/A       4%          1

Your spell library contained the following spells:

 Spells                   Type           Power      Damage    Failure   Level
 Sublimation of Blood     Necr           5%         N/A       6%          2
 Wereblood                Tmut           5%         N/A       6%          2
 Confusing Touch          Hex            5%         N/A       12%         3
 Vampiric Draining        Necr           5%         2d6       12%         3
 Summon Hydra             Summ           2%         N/A       100%        7


Dungeon Overview and Level Annotations

Branches:
Dungeon (7/15)             Temple (1/1) D:5

Altars:
Ashenzari
Cheibriados
Dithmenos
Elyvilon
Fedhas
Gozag
Hepliaklqana
Kikubaaqudgha
Makhleb
Nemelex Xobeh
Okawaru
Qazlal
Ru
Sif Muna
Trog
Vehumet
Wu Jian
Xom
Yredelemnul
Zin
The Shining One

Shops:
D:2 =(?[

Annotations:
D:4 Ijyb


Innate Abilities, Weirdness & Mutations

You cannot wear most types of armour.
You are amphibious.
You can wear up to eight rings at the same time.
Your skin changes colour to match your surroundings (Stealth+).
Your rubbery body absorbs attacks. (AC +1, EV +1)
((You are camouflaged when in or above water. (Stealth+)))
You have tentacles for arms and can constrict up to eight enemies at once.


Message History

You are more poisoned.
You feel as though you will be slow longer.
A necrophage comes into view.
The hornet completely misses you.
An orc warrior comes into view. It is wielding a +0 long sword.
Casting: Flame Wave (dangerous; 3% risk of failure)
Confirm with . or Enter, or press ? or * to list all spells.
Casting: Flame Wave (dangerous; 3% risk of failure)
Press: ? - help, Dir - look around, f - activate A wave of flame ripples out!
The flame wave engulfs the hornet.
The hornet is severely wounded. (Press . to intensify the flame waves.)
You feel extremely sick.
You hear an angry hiss.
The hornet barely misses you. x2
An orc comes into view. It is wielding a +0 dagger.
A wave of flame ripples out!
The flame wave engulfs the hornet but does no damage.
The hornet is severely wounded.
* * * LOW HITPOINT WARNING * * *
You feel very sick.
You hear a shout!
The hornet closely misses you. The hornet stings you.
* * * LOW HITPOINT WARNING * * *
You are lethally poisoned!
You feel as though you will be slow longer.
A troll comes into view.
The hornet stings you!
* * * LOW HITPOINT WARNING * * *
You feel as though you will be slow longer.
A wave of flame ripples out!
The flame wave engulfs the hornet.
The hornet is severely wounded.
The flame wave engulfs the orc wizard!
The orc wizard is heavily wounded.
The flame wave engulfs the necrophage!
The necrophage is moderately damaged.
The flame wave engulfs the troll.
The troll is lightly wounded.
You finish channelling waves of flame.
You die...

#.### #..#
.....#.##.# #.#..
............##.#
#.#.#
##.##.o.......#.#
#.#.#
#.#.o###.###....
#.#.####..o# ..
##... #.........#
##.# #...##.n.#
### #......o.#
#.....@y.# ..#.
#........T..#
....
#..###...#...#
..#. #... ....#
.## #.## ##..# #.
... #. .... ..#..


You could see a troll, a hornet, an orc warrior, a necrophage, 2 orc wizards and
an orc.

Vanquished Creatures
  Grinder (D:3)
  Sigmund (D:3)
  2 sky beasts (D:5)
  A black bear (D:6)
  2 ice beasts (D:7)
  An ogre (D:5)
  A centaur (D:7)
  3 bullfrogs
  3 scorpions
  2 hounds
  3 orc priests
  A gnoll shaman (D:4)
  4 iguanas
  2 jellies (D:5)
  5 orc wizards
  Robin (D:4)
  11 gnolls
  7 adders
  A shadow imp (D:5)
  2 white imps
  An ufetubus (D:5)
  3 worms
  3 dart slugs
  21 orcs
  9 bats
  7 endoplasms
  8 giant cockroaches
  11 hobgoblins
  4 jackals (D:2)
  8 kobolds
  3 quokkas
  4 ball pythons
  5 frilled lizards
  16 goblins
  8 rats
165 creatures vanquished.

Vanquished Creatures (collateral kills)
  A foxfire (D:3)
1 creature vanquished.

Vanquished Creatures (others)
  361 foxfires
361 creatures vanquished.

Grand Total: 527 creatures vanquished

Notes
Turn   | Place    | Note
-------+----------+-------------------------------------------
     0 | D:1      | kae the Octopode Fire Elementalist began the quest for the
                  | Orb.
     0 | D:1      | Reached XP level 1. HP: 11/11 MP: 3/3
   282 | D:1      | Noticed a golden eye
   283 | D:1      | Found a faded altar of an unknown god.
   298 | D:1      | Noticed a shining eye
   298 | D:1      | Noticed a floating eye
   298 | D:1      | Noticed a floating eye
   328 | D:1      | Reached XP level 2. HP: 18/18 MP: 5/5
   918 | D:1      | Reached XP level 3. HP: 14/22 MP: 6/6
  1435 | D:2      | Found Xesikhlei's Antique Armour Boutique.
  1624 | D:2      | Found Ynguef's Magic Scroll Shop.
  1632 | D:2      | Bought a scroll of identify for 26 gold pieces
  1679 | D:2      | Reached skill level 1 in Fighting
  1679 | D:2      | Reached XP level 4. HP: 12/28 MP: 7/7
  2043 | D:2      | Found Akhlab's Weapon Boutique.
  2049 | D:2      | Reached skill level 4 in Fire Magic
  2479 | D:2      | Found Otik's Jewellery Shoppe.
  2552 | D:3      | Noticed Sigmund
  2677 | D:3      | Reached XP level 5. HP: 30/33 MP: 4/8
  2806 | D:3      | Noticed Grinder
  2813 | D:3      | Killed Grinder
  2814 | D:3      | Reached XP level 6. HP: 20/39 MP: 8/10
  3196 | D:3      | Killed Sigmund
  3197 | D:3      | Reached skill level 5 in Fire Magic
  3197 | D:3      | Reached XP level 7. HP: 20/45 MP: 6/11
  4078 | D:3      | Found an ancient bone altar of Kikubaaqudgha.
  4206 | D:3      | Learned a level 2 spell: Scorch
  4210 | D:3      | Learned a level 3 spell: Conjure Flame
  4368 | D:4      | Identified a scroll of acquirement
  4368 | D:4      | Acquired the ring "Duofeur" {Contam Will++ rCorr Dex+2
                  | Slay+4}
  4499 | D:4      | Reached skill level 5 in Stealth
  4546 | D:4      | Learned a level 3 spell: Inner Flame
  4570 | D:4      | Noticed Robin
  4807 | D:4      | Killed Robin
  5104 | D:4      | Reached XP level 8. HP: 51/51 MP: 13/13
  5939 | D:4      | Found a radiant altar of Vehumet.
  5994 | D:4      | Noticed Ijyb
  6250 | D:5      | Entered Level 5 of the Dungeon
  6250 | D:5      | Found a staircase to the Ecumenical Temple.
  6290 | Temple   | Entered the Ecumenical Temple
  6468 | Temple   | Became a worshipper of Ashenzari the Shackled
  6521 | D:5      | Reached skill level 6 in Fire Magic
  6593 | D:5      | Found a glowing golden altar of the Shining One.
  6953 | D:5      | Identified the +2 spear "Qudghiuck" {freeze, Int+3}
  7205 | D:5      | Found a snail-covered altar of Cheibriados.
  8227 | D:6      | Reached XP level 9. HP: 30/58 MP: 15/15
  8823 | D:7      | Reached skill level 7 in Fire Magic
  8954 | D:7      | Noticed a cyclops
  8957 | D:7      | Noticed a two-headed ogre
  9544 | D:7      | Noticed a red ugly thing
  9744 | D:7      | Learned a level 4 spell: Flame Wave
  9746 | D:7      | Learned a level 1 spell: Slow
  9814 | D:7      | Noticed a hornet
  9821 | D:7      | Noticed a troll
  9821 | D:7      | HP: 1/58 [hornet (12)]
  9822 | D:7      | Succumbed to a hornet's poison

Illustrated notes

Levels and vault maps discovered:
D:1:      sevenhm_arrival_forest_fort_large_2, layout_basic,
          hellmonk_ecumenical_altar_watching_god, st_stairs_1
D:2:      layout_basic, serial_shops, nicolae_shop_crystal,
          nicolae_shop_bloodbath_and_beyond, shop, shop
D:3:      layout_loops_corners, mainiacjoe_overflow_alcove_4, corner_web_ring,
          uniq_sigmund, uniq_grinder
D:4:      layout_loops_corners, lemuel_coloured_pillars_altar,
          grunt_ministairs_8, minmay_surrounded, uniq_ijyb, uniq_robin
D:5:      layout_loops_cross, slow_altar_1, tso_altar,
          minmay_temple_entry_slanted, grunt_decor_resistance
D:6:      layout_basic, corexii_item_surrounded_by_moat
D:7:      minmay_the_grid_octo_2x2 [minmay_the_grid_octo_teeth,
          minmay_the_grid_octo_chip, minmay_the_grid_octo_clover,
          minmay_the_grid_octo_prize_big_c], layout_loops_ring
Temple:   minmay_crystal_spiral_temple

Skill      XL: |  1  2  3  4  5  6  7  8  9 |
---------------+----------------------------+-----
Stealth        | 3 4 5 6 |  6.9
Fighting       | 1 2 3 4 |  4.1
Fire Magic     | 4 5 6 7 |  7.2
Dodging        | 3 4 |  4.8
Conjurations   | 2 3 4 |  4.5
Spellcasting   | 3 4 |  4.4

Action                   |  1- 3 |  4- 6 |  7- 9 || total
-------------------------+-------+-------+-------++-------
Melee: Short sword       |    71 |    29 |       ||   100
       Constrict         |    22 |     4 |    10 ||    36
       Tentacles         |    16 |     2 |     5 ||    23
       Unarmed           |     1 |       |       ||     1
       Dagger            |       |    11 |    16 ||    27
       Spear             |       |       |    18 ||    18
 Cast: Foxfire           |     9 |    37 |   185 ||   231
       Scorch            |       |       |    62 ||    62
       Conjure Flame     |       |       |     7 ||     7
       Flame Wave        |       |       |     2 ||     2
Invok: Curse Item        |       |       |     1 ||     1
  Use: Scroll            |     3 |     8 |     5 ||    16
       Potion            |     2 |     5 |       ||     7
 Stab: Sleeping          |     6 |     1 |     3 ||    10
Armor: Skin              |     8 |    18 |     5 ||    31
Dodge: Dodged            |    47 |    12 |    86 ||   145

Table legend: (Time is in decaauts)
 A = Elapsed time spent in this place.
 B = Non-inter-level travel time spent in this place.
 C = Inter-level travel time spent in this place.
 D = Time resting spent in this place.
 E = Time spent auto-exploring this place.
 F = Levels seen in this place.
 G = Mean time per level.
                   A        B        C        D        E       F      G
               +--------+--------+--------+--------+--------+-----+--------+
         Total |   9829 |   9359 |    470 |   1176 |   6784 |   8 | 1228.6 |
       Dungeon |   9612 |   9230 |    382 |   1176 |   6672 |   7 | 1373.1 |
        Temple |    216 |    128 |     88 |      0 |    112 |   1 |  216.0 |
               +--------+--------+--------+--------+--------+-----+--------+

Top non-repeatable levels by time:
     D:4: 1881 daAuts
     D:3: 1723 daAuts
     D:5: 1341 daAuts
     D:1: 1328 daAuts
     D:2: 1319 daAuts
     D:6: 1152 daAuts
     D:7: 866 daAuts
  Temple: 216 daAuts
